 Dungeon Crawl Stone Soup version 0.21.1-1-g345015f (webtiles) character file.

602 inc the Chiller (level 7, 0/41 HPs)
             Began as an Octopode Ice Elementalist on June 11, 2018.
             Was a Follower of Jiyva.
             Slain by a sky beast (6 damage)
             ... on level 6 of the Dungeon.
             The game lasted 00:08:46 (5514 turns).

inc the Chiller (Octopode Ice Elementalist)         Turns: 5514, Time: 00:08:47

Health: 0/41       AC:  1    Str:  7    XL:     7   Next: 41%
Magic:  10/13      EV: 13    Int: 21    God:    Jiyva [*.....]
Gold:   179        SH:  0    Dex: 11    Spells: 6/14 levels left

rFire    . . .     SeeInvis .   x - +1 hand axe (vamp)
rCold    . . .     Gourm    .   (no shield)
rNeg     . . .     Faith    .   (helmet restricted)
rPois    .         Spirit   .   (no amulet)
rElec    .         Reflect  .   (no ring)
rCorr    .         Harm     .   (no ring)
MR       .....                  (no ring)
Stlth    +++.......             (no ring)
HPRegen  0.13/turn              (no ring)
MPRegen  0.13/turn              (no ring)
                                (no ring)
                                (no ring)

@: no status effects
A: almost no armour, stealthy swim, amphibious, 8 rings, constrict 8, camouflage
1, gelatinous body 1
a: Request Jelly, Renounce Religion


You were on level 6 of the Dungeon.
You worshipped Jiyva.
Jiyva was aware of your devotion.
You were very hungry.

You visited 2 branches of the dungeon, and saw 7 of its levels.
You also visited: Sewer.

You collected 179 gold pieces.

Inventory:

Hand Weapons
 k - a +0 whip
 x - a +1 vampiric hand axe (weapon)
Armour
 D - a +0 buckler
Magical Staves
 v - an uncursed staff of power
Jewellery
 o - an uncursed amulet of inaccuracy
 t - an uncursed ring of magical power {unknown}
Scrolls
 d - 5 scrolls of amnesia {unknown}
 n - a scroll of noise {unknown}
 q - 2 scrolls of identify
 u - 2 scrolls of enchant weapon {unknown}
 w - 2 scrolls of blinking {unknown}
 y - 2 scrolls of remove curse
 A - a scroll of immolation {unknown}
 C - a scroll of enchant armour {unknown}
Potions
 b - 3 potions of heal wounds {unknown}
 e - a potion of agility {unknown}
 g - 2 potions of lignification {unknown}
 h - a potion of degeneration
 i - 2 potions of might {unknown}
 j - a potion of haste {unknown}
 l - a potion of cancellation
 m - a potion of berserk rage {unknown}
 p - a potion of ambrosia {unknown}
 s - a potion of magic {unknown}
 z - a potion of curing {unknown}
Books
 a - a book of Frost

   Spells                             Type                      Level
   a - Freeze                         Ice                          1
   b - Throw Frost                    Conjuration/Ice              2
   c - Ozocubu's Armour               Charms/Ice                   3
   d - Throw Icicle                   Conjuration/Ice              4
   e - Summon Ice Beast               Ice/Summoning                4
 r - a book of Necromancy

   Spells                             Type                      Level
   a - Pain                           Necromancy                   1
   b - Animate Skeleton               Necromancy                   1
   c - Vampiric Draining              Necromancy                   3
   d - Regeneration                   Charms/Necromancy            3
   e - Animate Dead                   Necromancy                   4
   f - Borgnjor's Vile Clutch         Necromancy/Earth             5
 B - a book of Conjurations

   Spells                             Type                      Level
   a - Magic Dart                     Conjuration                  1
   b - Searing Ray                    Conjuration                  2
   c - Dazzling Spray                 Conjuration/Hexes            3
   d - Fulminant Prism                Conjuration/Hexes            4
   e - Force Lance                    Conjuration/Translocation    4
   f - Iskenderun's Mystic Blast      Conjuration                  4
Comestibles
 c - a ration


   Skills:
 - Level 2.0 Dodging
 - Level 2.6 Stealth
 + Level 4.2 Spellcasting
 - Level 1.0 Conjurations
 - Level 7.2 Ice Magic


You had 6 spell levels left.
You knew the following spells:

 Your Spells              Type           Power        Failure   Level  Hunger
a - Freeze                Ice            ####         1%          1    None
b - Throw Icicle          Conj/Ice       ###.....     22%         4    ####...
c - Ozocubu's Armour      Chrm/Ice       ###.....     8%          3    ###....


Dungeon Overview and Level Annotations

Branches:
Dungeon (6/15)             Temple (1/1) D:4

Altars:
Cheibriados
Dithmenos
Elyvilon
Gozag
Kikubaaqudgha
Makhleb
Nemelex Xobeh
Qazlal
Ru
Sif Muna
Trog
Uskayaw
Vehumet
Wu Jian
Yredelemnul
Zin
Jiyva

Shops:
D:4 }

Annotations:
D:3 kalagan's ghost, amateur DESu
D:5 Kagorn's ghost, novice GrBe


Innate Abilities, Weirdness & Mutations

You cannot wear most types of armour.
You are very stealthy in the water. (Stealth+)
You are amphibious.
You can wear up to eight rings at the same time.
You can use your tentacles to constrict eight enemies at once.
Your skin changes colour to match your surroundings (Stealth+).
Your rubbery body absorbs attacks. (AC +1, EV +1)


Message History

Aiming: Freeze
Press: ? - help, Shift-Dir - straight line, f/p - sky beast
Aim: a sky beast (moderately wounded)
You freeze the sky beast.
The sky beast is heavily wounded.
The sky beast hits you.
* * * LOW HITPOINT WARNING * * *
The sky beast shocks you.
* * * LOW HITPOINT WARNING * * *
Casting: Freeze
Confirm with . or Enter, or press ? or * to list all spells.
Aiming: Freeze
Press: ? - help, Shift-Dir - straight line, f/p - sky beast
Aim: a sky beast (heavily wounded)
You freeze the sky beast.
The sky beast is severely wounded.
The sky beast hits you.
* * * LOW HITPOINT WARNING * * *
The sky beast shocks you.
You die...

#... ##
#..# #.
#..# #.
#.<# #.
#####.# #.
#.....# #.
#.#####
#Y###.#####
#.@.......#
#####.###.#
#.# .# #.#
.# #.# ..
... .. #..
..# #.. ..#


You could see a sky beast.

Vanquished Creatures
  An orc warrior (D:4)
  An ogre (D:4)
  A bullfrog (Sewer)
  A crimson imp (D:6)
  A hound (D:4)
  2 orc wizards (D:4)
  A worker ant (D:4)
  A killer bee zombie (D:5)
  5 adders
  A shadow imp (D:5)
  3 worms
  2 dart slugs
  8 leopard geckos
  18 orcs
  14 giant cockroaches
  A goblin (D:1)
  5 hobgoblins
  2 jackals (D:3)
  4 ball pythons
  5 bats
  19 frilled lizards
  11 kobolds
  5 rats
112 creatures vanquished.

Vanquished Creatures (others)
  The ghost of Kagorn the Skirmisher, an amateur GrBe of Trog (D:4)
  A scorpion (D:4)
  2 orc priests (D:4)
  A jelly (D:5)
  2 orcs (D:4)
7 creatures vanquished.

Grand Total: 119 creatures vanquished

Notes
Turn   | Place    | Note
-------+----------+-------------------------------------------
     0 | D:1      | inc the Octopode Ice Elementalist began the quest for the Orb.
     0 | D:1      | Reached XP level 1. HP: 11/11 MP: 3/3
   359 | D:1      | Reached XP level 2. HP: 15/17 MP: 5/5
   829 | D:2      | Reached skill level 4 in Ice Magic
   840 | D:2      | Reached XP level 3. HP: 20/21 MP: 3/6
  1023 | D:2      | Reached XP level 4. HP: 12/27 MP: 1/7
  1509 | D:2      | Reached skill level 5 in Ice Magic
  1557 | D:2      | Found a burning altar of Makhleb.
  2383 | D:3      | Noticed kalagan's ghost (amateur DESu)
  2590 | D:3      | Reached XP level 5. HP: 21/31 MP: 0/8
  2698 | D:3      | Found a glowing drain.
  2842 | Sewer    | Entered a sewer
  2935 | Sewer    | Reached skill level 6 in Ice Magic
  3293 | D:4      | Found a bloodstained altar of Trog.
  3310 | D:4      | Reached XP level 6. HP: 36/36 MP: 9/9
  3455 | D:4      | Found a staircase to the Ecumenical Temple.
  3526 | D:4      | Reached skill level 7 in Ice Magic
  3708 | Temple   | Entered the Ecumenical Temple
  3784 | Temple   | Became a worshipper of Jiyva Jaqolore the Shapeless
  3950 | D:4      | Reached * piety under Jiyva
  3959 | D:4      | Reached XP level 7. HP: 23/41 MP: 3/11
  3965 | D:4      | Learned a level 4 spell: Throw Icicle
  3969 | D:4      | Learned a level 3 spell: Ozocubu's Armour
  4109 | D:4      | Found Difibak's Gadget Emporium.
  4259 | D:4      | Killed Kagorn's ghost
  4418 | D:5      | Entered Level 5 of the Dungeon
  4920 | D:5      | Found a sacrificial altar of Ru.
  4921 | D:5      | Found an opulent altar of Gozag.
  4924 | D:5      | Found a snail-covered altar of Cheibriados.
  4925 | D:5      | Found a radiant altar of Vehumet.
  4925 | D:5      | Found a hide-covered altar of Uskayaw.
  5246 | D:5      | Noticed Kagorn's ghost (novice GrBe)
  5514 | D:6      | Slain by a sky beast

Skill      XL: |  1  2  3  4  5  6  7 |
---------------+----------------------+-----
Ice Magic      | 4 5 6 7 |  7.2
Spellcasting   | 4 |  4.2
Dodging        | |  2.0
Stealth        | |  2.6
Conjurations   | |  1.0

Action                   |  1- 3 |  4- 6 |  7- 9 || total
-------------------------+-------+-------+-------++-------
Melee: Unarmed           |    22 |       |       ||    22
       Constrict         |    14 |     8 |     8 ||    30
       Tentacles         |     5 |     4 |     6 ||    15
       Whip              |    23 |    12 |       ||    35
       Staff             |       |    15 |       ||    15
       Hand axe          |       |     3 |    40 ||    43
 Cast: Freeze            |    26 |   115 |     8 ||   149
  Use: Scroll            |       |     6 |     1 ||     7
 Stab: Sleeping          |     3 |     3 |     1 ||     7
  Eat: Chunk             |     1 |     8 |       ||     9
       Ration            |       |     2 |     1 ||     3
Armor: Skin              |     9 |    13 |       ||    22
Dodge: Dodged            |    36 |    79 |    31 ||   146
